 Dungeon Crawl Stone Soup version 0.30-a0-393-g54b8e3be05 (webtiles) character file.

Game seed: 13036813058696746061

933 NinjaNoafa the Cleaver (level 7, -4/63 HPs)
             Began as a Minotaur Fighter on Dec 6, 2022.
             Succumbed to a killer bee's poison
             ... on level 4 of the Dungeon.
             The game lasted 00:07:15 (4021 turns).

NinjaNoafa the Cleaver (Minotaur Fighter)           Turns: 4021, Time: 00:07:16

Health: -4/63      AC: 12    Str: 23    XL:     7   Next: 86%
Magic:  6/6        EV:  7    Int:  5    God:
Gold:   208        SH:  8    Dex:  9    Spells: 6/6 levels left

rFire   + . .      SeeInvis .    a - +0 war axe
rCold   + . .      Faith    .    w - +0 kite shield
rNeg    + . .      Spirit   .    B - +0 chain mail
rPois   .          Reflect  .    (helmet restricted)
rElec   .          Harm     .    e - scarf {rC+ rF+}
rCorr   .          Rampage  .    z - +0 pair of gloves
Will    .....                    D - +0 pair of boots
Stlth   ..........               (no amulet)
HPRegen 0.30/turn                A - ring of positive energy
MPRegen 0.10/turn                (no ring)

@: lethally poisoned (-4 -> -24)
A: horns 2, retaliatory headbutt
a: no special abilities


You were on level 4 of the Dungeon.
You visited 2 branches of the dungeon, and saw 6 of its levels.

You collected 208 gold pieces.

Inventory:

Hand Weapons
 a - a +0 war axe (weapon)
Missiles
 k - 46 stones
 C - 5 poisoned darts
 G - 4 atropa-tipped darts
Armour
 e - a scarf of resistance (worn)
 w - a +0 kite shield (worn)
 z - a +0 pair of gloves (worn)
 B - a +0 chain mail (worn)
 D - a +0 pair of boots (worn)
Jewellery
 b - an amulet of regeneration
 A - a ring of positive energy (left hand)
 F - a ring of fire
Wands
 y - a wand of flame (23) (quivered)
Scrolls
 c - a scroll of butterflies {unknown}
 i - a scroll of enchant armour {unknown}
 j - 6 scrolls of identify
 l - 2 scrolls of immolation {unknown}
 q - 2 scrolls of teleportation {unknown}
 s - 2 scrolls of blinking {unknown}
 u - a scroll of poison {unknown}
Potions
 d - 4 potions of might
 f - 2 potions of mutation {unknown}
 g - 2 potions of brilliance
 h - a potion of lignification {unknown}
 m - 2 potions of curing {unknown}
 n - 3 potions of berserk rage {unknown}
 o - a potion of attraction {unknown}
 p - 3 potions of heal wounds {unknown}
 r - 2 potions of haste {unknown}
 t - a potion of ambrosia {unknown}
 v - 2 potions of flight {unknown}
 x - 2 potions of cancellation {unknown}
 E - a potion of degeneration {unknown}


   Skills:
 - Level 6.0 Fighting
 - Level 8.0 Axes
 - Level 6.0 Armour
 + Level 2.6 Dodging
 - Level 4.0 Shields


You had 6 spell levels left.
You didn't know any spells.
Your spell library was empty.

Dungeon Overview and Level Annotations

Branches:
Dungeon (5/15)             Temple (1/1) D:4

Altars:
Ashenzari
Cheibriados
Elyvilon
Fedhas
Hepliaklqana
Kikubaaqudgha
Makhleb
Qazlal
Ru
Sif Muna
Trog
Uskayaw
Vehumet
Wu Jian
Zin
The Shining One


Innate Abilities, Weirdness & Mutations

You have a pair of horns on your head.
You reflexively headbutt those who attack you in melee.


Message History

You feel very sick.
The killer bee stings you but does no damage. x2
The killer bee stings you. x2
You hit the killer bee.
The killer bee is lightly wounded.
You barely miss the killer bee.
You feel very sick. The killer bee stings you.
* * * LOW HITPOINT WARNING * * *
The killer bee stings you but does no damage.
You block the killer bee's attack.
The killer bee stings you but does no damage.
The killer bee barely misses you. You furiously retaliate!
You headbutt the killer bee. The killer bee barely misses you.
You hit the killer bee. Your headbutt misses the killer bee.
The killer bee is severely wounded.
You hit the killer bee.
You feel sick.
The killer bee stings you but does no damage.
You block the killer bee's attack.
The killer bee stings you but does no damage.
You block the killer bee's attack.
You barely miss the killer bee.
The killer bee is severely wounded.
You miss the killer bee.
You feel sick. The killer bee stings you.
* * * LOW HITPOINT WARNING * * *
You block the killer bee's attack.
The killer bee stings you but does no damage.
The killer bee stings you.
* * * LOW HITPOINT WARNING * * *
You are more poisoned.
The killer bee poisons you! The killer bee stings you!
* * * LOW HITPOINT WARNING * * *
The killer bee stings you.
* * * LOW HITPOINT WARNING * * *
You are more poisoned.
The killer bee poisons you!
You barely miss the killer bee. Your headbutt misses the killer bee.
The killer bee is severely wounded.
You barely miss the killer bee.
You die...

##...#....###.###...........#
####.....##.###..........##.....
#.........#.......###....##..###
##...###.......##.# ##.....#.###
##....#####.###.##.###...........
#.###..# #.# ##...##..##.......#
#####..####.# #y..##..###......#
#.###..##..## #yy#...####.......
#.###..##...###@####..##.......#
##.###......##...###..........##
#.# #...............###......##
#.###..###.........## ##......#
##.#...##...#.....## #.#.....
###......#..##....## #.###...
#..####.....##....## ###.# ###.
##....#####.##..###.####..######.
#.#....## ##...## #.............#


You could see 3 killer bees.

Vanquished Creatures
  Eustachio (D:5)
  2 black bears (D:5)
  A phantom (D:4)
  5 hounds
  An orc priest (D:5)
  2 jellies
  4 iguanas
  Robin (D:2)
  4 gnolls (D:5)
  4 adders
  A shadow imp (D:5)
  An ufetubus (D:5)
  A worm (D:4)
  5 dart slugs
  9 orcs
  4 bats
  3 endoplasms
  A giant cockroach (D:1)
  16 goblins
  13 hobgoblins
  3 jackals (D:1)
  5 quokkas
  5 ball pythons
  2 frilled lizards
  7 kobolds
  5 rats
106 creatures vanquished.

Vanquished Creatures (others)
  A plant (D:1)
1 creature vanquished.

Grand Total: 107 creatures vanquished

Notes
Turn   | Place    | Note
-------+----------+-------------------------------------------
     0 | D:1      | NinjaNoafa the Minotaur Fighter began the quest for the
                  | Orb.
     0 | D:1      | Reached XP level 1. HP: 19/19 MP: 0/0
    61 | D:1      | Reached XP level 2. HP: 27/27 MP: 1/1
   228 | D:1      | Reached skill level 1 in Dodging
   517 | D:1      | Found a faded altar of an unknown god.
   565 | D:2      | Noticed Robin
   570 | D:2      | Reached XP level 3. HP: 25/33 MP: 2/2
   628 | D:2      | Killed Robin
   639 | D:2      | Reached XP level 4. HP: 14/41 MP: 3/3
   822 | D:2      | Reached skill level 5 in Fighting
  1178 | D:3      | Found a sacrificial altar of Ru.
  1325 | D:3      | Identified the +1 leather armour "Luut Buh" {MP-9 Str+7
                  | Int+4}
  1821 | D:3      | Reached XP level 5. HP: 46/50 MP: 4/4
  1883 | D:4      | Reached skill level 3 in Axes
  2084 | D:4      | Noticed a phantom
  2092 | D:4      | Killed a phantom
  2093 | D:4      | Reached skill level 4 in Axes
  2210 | D:4      | Reached skill level 5 in Axes
  2210 | D:4      | Reached XP level 6. HP: 57/57 MP: 5/5
  2627 | D:4      | Found a staircase to the Ecumenical Temple.
  2643 | Temple   | Entered the Ecumenical Temple
  3395 | D:5      | Entered Level 5 of the Dungeon
  3444 | D:5      | Reached skill level 6 in Axes
  3487 | D:5      | Reached skill level 7 in Axes
  3493 | D:5      | Reached XP level 7. HP: 38/63 MP: 6/6
  3634 | D:5      | Noticed Eustachio
  3675 | D:5      | Killed Eustachio
  3676 | D:5      | Reached skill level 8 in Axes
  3676 | D:5      | Reached skill level 5 in Armour
  4020 | D:4      | HP: 2/63 [killer bee (3)]
  4021 | D:4      | Succumbed to a killer bee's poison

Illustrated notes

Levels and vault maps discovered:
D:1:      eino_arrival_druids_welcome, layout_basic,
          dilly_ecumenical_altar_fadedgnrine, minivault_19,
          chequers_mini_garden, minmay_octomino_e4
D:2:      layout_rooms, uniq_robin
D:3:      layout_loops_ring, nicolae_ru_awakened_eye, nicolae_titane
D:4:      layout_layer_cave, minmay_temple_entry_purple_smoke, corner_web_ring
D:5:      layout_loops_ring, st_stairs_7, uniq_eustachio
Temple:   eino_wide_crystal_templ

Skill      XL: |  1  2  3  4  5  6  7 |
---------------+----------------------+-----
Dodging        | 1 2 |  2.6
Shields        | 4 |  4.0
Fighting       | 4 6 |  6.0
Armour         | 4 6 |  6.0
Axes           | 5 7 8 |  8.0

Action                   |  1- 3 |  4- 6 |  7- 9 || total
-------------------------+-------+-------+-------++-------
Melee: War axe           |    44 |   121 |    68 ||   233
       Headbutt          |     6 |    20 |     7 ||    33
  Use: Scroll            |       |     1 |       ||     1
Armor: Scale mail        |    36 |    39 |       ||    75
       Chain mail        |       |    20 |   104 ||   124
Dodge: Dodged            |    39 |    42 |    51 ||   132
Block: Buckler           |    20 |     6 |       ||    26
       Kite shield       |       |    45 |    62 ||   107

Table legend: (Time is in decaauts)
 A = Elapsed time spent in this place.
 B = Non-inter-level travel time spent in this place.
 C = Inter-level travel time spent in this place.
 D = Time resting spent in this place.
 E = Time spent auto-exploring this place.
 F = Levels seen in this place.
 G = Mean time per level.
                   A        B        C        D        E       F      G
               +--------+--------+--------+--------+--------+-----+--------+
         Total |   4109 |   3888 |    221 |     41 |   3055 |   6 |  684.8 |
       Dungeon |   4015 |   3815 |    200 |     41 |   2994 |   5 |  803.0 |
        Temple |     93 |     72 |     21 |      0 |     61 |   1 |   93.0 |
               +--------+--------+--------+--------+--------+-----+--------+

Top non-repeatable levels by time:
     D:4: 1462 daAuts
     D:3: 740 daAuts
     D:5: 645 daAuts
     D:1: 623 daAuts
     D:2: 544 daAuts
  Temple: 93 daAuts
